Map: Void Zone

Players

CoP

  • Race: Protoss Protoss
  • Spawn Location: 1:00

FruitDealer

  • Race: Zerg Zerg
  • League: Platinum
  • Spawn Location: 1:00

Denda

  • Race: Zerg Zerg
  • Spawn Location: 11:00

Eljot

  • Race: Protoss Protoss
  • Spawn Location: 1:00

Amix

  • Race: Terran Terran
  • League: Platinum
  • Spawn Location: 5:00

PapiSawyer

  • Race: Protoss Protoss
  • Spawn Location: 5:00

unreal

  • Race: Zerg Zerg
  • League: Gold
  • Spawn Location: 5:00

DanTonZerg

  • Race: Zerg Zerg
  • Spawn Location: 7:00

VOD

Have the link to the VOD?

Description

Time

  • Played on: Nov. 29, 2016, 4:50 a.m.
  • Length: 4:48
Show
View Real Time Build Order
Export as new Build Order

CoP Protoss 

Build Orders: Mass Adepts 

Get SALT Encoding   

  12  0:01  Probe (Chrono Boost)  
  13  0:11  Probe (Chrono Boost)  
  14  0:19  Pylon  
  14  0:22  Probe (Chrono Boost)  
  15  0:32  Assimilator  
  15  0:39  Gateway  
  15  0:42  Gateway  
  15  0:44  Probe (Chrono Boost)  
  16  0:56  Assimilator  
  16  0:59  Pylon  
  16  1:00  Probe (Chrono Boost)  
  17  1:16  Probe (Chrono Boost)  
  18  1:27  Probe (Chrono Boost)  
  18  1:29  Cybernetics Core  
  18  1:32  Gateway  
  19  1:34  Gateway  
  19  1:44  Probe (Chrono Boost)  
  20  1:55  Probe (Chrono Boost)  
  21  2:06  Warp Gate (Chrono Boost)  
  21  2:08  Robotics Facility  
  21  2:11  Adept  
  21  2:14  Adept  
  25  2:21  Adept  
  27  2:25  Adept  
  29  2:38  Pylon  
  29  2:40  Adept  
  31  2:53  Pylon  
  31  2:56  Probe, Adept  
  31  2:57  Adept  
  36  3:07  Warp Prism  
  38  3:14  Adept  
  40  4:08  Adept x2  
  40  4:09  Adept  
  46  4:14  Observer  
  47  4:34  Pylon  
  47  4:37  Pylon  
  43  4:45  Adept x2  
  43  4:46  Adept  
Show
View Real Time Build Order
Export as new Build Order

FruitDealer Zerg 

Build Orders: Pool First 

Get SALT Encoding   

  12  0:01  Drone  
  13  0:12  Overlord  
  13  0:18  Drone  
  14  0:33  Drone x2  
  14  0:35  Drone  
  17  0:48  Spawning Pool  
  16  0:50  Drone  
  17  1:06  Drone  
  17  1:07  Hatchery  
  17  1:10  Extractor  
  16  1:40  Roach Warren  
  16  1:42  Drone x3  
  16  1:44  Extractor  
  17  1:47  Queen  
  19  2:19  Queen  
  19  2:20  Roach  
  19  2:21  Roach x2  
  27  2:23  Overlord  
  27  2:41  Roach  
  27  2:42  Overlord  
  29  2:50  Roach x2  
  33  3:06  Roach  
  33  3:07  Roach x4  
  43  3:13  Overlord  
  43  3:31  Roach x4  
  51  3:55  Overlord x3  
  51  4:20  Roach  
  51  4:21  Roach x6  
Show
View Real Time Build Order
Export as new Build Order

Denda Zerg 

Build Orders:  

Get SALT Encoding   

  12  1:01  Drone  
  12  1:02  Drone  
  14  1:28  Extractor  
  14  1:29  Drone  
  14  1:52  Overlord  
  14  2:36  Drone x3  
Show
View Real Time Build Order
Export as new Build Order

Eljot Protoss 

Build Orders:  

Get SALT Encoding   

  12  0:03  Probe (Chrono Boost)  
  13  0:19  Probe (Chrono Boost)  
  14  0:31  Pylon  
  14  0:35  Pylon  
  14  0:36  Probe (Chrono Boost)  
  14  0:41  Assimilator  
  15  0:44  Assimilator  
  16  0:50  Probe (Chrono Boost)  
  16  0:53  Gateway  
  16  1:00  Probe (Chrono Boost)  
  17  1:11  Probe (Chrono Boost)  
  18  1:13  Gateway  
  18  1:21  Probe (Chrono Boost)  
  18  1:23  Gateway  
  19  1:32  Probe (Chrono Boost)  
  20  1:41  Cybernetics Core  
  20  1:42  Probe (Chrono Boost)  
  20  1:46  Pylon  
  21  1:53  Probe (Chrono Boost)  
  22  1:56  Pylon  
  22  2:03  Probe (Chrono Boost)  
  23  2:09  Gateway  
  23  2:15  Probe (Chrono Boost)  
  24  2:18  Warp Gate (Chrono Boost)  
  24  2:24  Stalker x2  
  24  2:26  Probe  
  29  2:46  Pylon  
  29  2:58  Adept x2  
  29  2:59  Adept x2  
  37  3:12  Nexus  
  37  3:38  Stalker  
  37  3:39  Stalker x3  
  37  3:40  Pylon  
  45  4:27  Pylon  
  45  4:30  Stalker x4  
Show
View Real Time Build Order
Export as new Build Order

Amix Terran 

Build Orders:  

Get SALT Encoding   

  12  0:03  SCV  
  13  0:17  Supply Depot  
  13  0:18  SCV  
  14  0:30  SCV  
  15  0:43  Barracks, SCV  
  16  0:52  Refinery  
  16  0:54  Refinery  
  16  0:56  SCV  
  17  1:08  SCV  
  18  1:21  SCV  
  19  1:33  SCV  
  20  1:42  Factory  
  20  1:43  Barracks Tech Lab  
  20  1:45  SCV  
  21  1:47  Barracks Reactor  
  21  1:57  SCV  
  21  1:58  Supply Depot  
  22  2:09  SCV  
  23  2:21  SCV  
  24  2:31  Starport  
  24  2:35  Hellion, Marine  
  24  2:36  Marine  
  28  2:40  SCV  
  29  2:50  Supply Depot  
  29  2:52  SCV, Supply Depot  
  30  3:00  Starport  
  30  3:06  Marine  
  30  3:12  Hellion, Starport Tech Lab  
  33  3:20  Supply Depot  
  33  3:25  SCV  
  34  3:37  Reaper  
  33  4:01  Starport Tech Lab  
Show
View Real Time Build Order
Export as new Build Order

PapiSawyer Protoss 

Build Orders:  

Get SALT Encoding   

  12  0:03  Probe (Chrono Boost)  
  13  0:13  Probe (Chrono Boost)  
  14  0:22  Pylon  
  14  0:24  Probe (Chrono Boost)  
  15  0:29  Assimilator  
  15  0:40  Probe (Chrono Boost)  
  16  0:51  Probe (Chrono Boost)  
  17  0:58  Gateway  
  17  1:01  Probe (Chrono Boost)  
  17  1:03  Pylon  
  18  1:12  Probe (Chrono Boost)  
  18  1:17  Assimilator  
  19  1:23  Probe (Chrono Boost)  
  20  1:26  Forge  
  20  1:32  Pylon  
  20  1:35  Probe (Chrono Boost)  
  21  1:47  Zealot  
  21  1:48  Probe (Chrono Boost)  
  24  2:01  Photon Cannon  
  24  2:03  Probe (Chrono Boost)  
  25  2:13  Cybernetics Core  
  25  2:19  Probe (Chrono Boost)  
  26  2:24  Zealot  
  28  2:33  Probe (Chrono Boost)  
  29  3:00  Stalker  
  31  3:05  Nexus  
  31  3:10  Mothership Core (Chrono Boost)  
  33  3:34  Stalker (Chrono Boost)  
  36  4:03  Stalker (Chrono Boost)  
  36  4:07  Probe  
  37  4:23  Pylon  
  32  4:28  Pylon  
Show
View Real Time Build Order
Export as new Build Order

unreal Zerg 

Build Orders: Pool First 

Get SALT Encoding   

  12  0:02  Drone  
  13  0:10  Drone  
  14  0:21  Overlord  
  14  0:40  Drone x3  
  17  0:56  Drone  
  18  1:11  Extractor  
  18  1:16  Spawning Pool  
  16  1:20  Drone x2  
  16  1:23  Hatchery  
  17  1:37  Drone x2  
  19  1:44  Overlord  
  19  2:05  Drone  
  20  2:10  Queen  
  20  2:14  Metabolic Boost  
  22  2:16  Overlord  
  22  2:21  Zergling x2  
  23  2:33  Drone  
  23  2:36  Queen  
  26  2:39  Drone x2  
  28  2:52  Drone, Extractor  
  28  2:56  Drone  
  29  2:59  Drone  
  29  3:00  Drone  
  31  3:07  Zergling x2  
  32  3:20  Lair  
  32  3:23  Drone x3  
  35  3:30  Zergling x8  
  38  3:42  Zergling x2  
  38  3:43  Zergling x2  
  39  3:58  Zergling x2  
  39  3:59  Zergling x12  
  40  4:30  Zergling x2  
Show
View Real Time Build Order
Export as new Build Order

DanTonZerg Zerg 

Build Orders: Pool Only, Roach Nydus 

Get SALT Encoding   

  12  0:11  Drone  
  12  0:13  Overlord  
  13  0:27  Drone  
  14  0:38  Spawning Pool  
  13  0:43  Overlord  
  13  0:52  Extractor  
  13  0:54  Drone x2  
  14  1:10  Drone x2  
  16  1:18  Drone  
  17  1:29  Spine Crawler  
  17  1:30  Queen  
  18  1:33  Zergling x2  
  18  1:39  Extractor  
  18  1:40  Drone  
  19  1:56  Drone  
  20  2:14  Roach Warren, Lair  
  19  2:18  Overlord  
  19  2:23  Drone  
  20  2:32  Spore Crawler  
  20  2:34  Drone  
  20  2:48  Drone x4  
  24  3:02  Spore Crawler  
  24  3:03  Drone  
  24  3:21  Roach x4  
  32  3:33  Overseer  
  32  3:44  Roach  
  32  3:45  Roach  
  36  3:50  Nydus Network  
  36  3:53  Roach  
  37  3:57  Overlord  
  37  4:26  Roach x4  
  45  4:32  Nydus Canal  
Tags
 
Add a new tag
Caveats
  • Supply blocks, unpowered buildings, or Contaminate may cause inaccurate times.
  • Supply counts are checked every 10 seconds.